 Dungeon Crawl Stone Soup version 0.30-a0-634-g8abc85282e (webtiles) character file.

Game seed: 10974249832780809384

14121 funkygono the Thaumaturge (level 11, -5/72 HPs)
             Began as a Demonspawn Fire Elementalist on Jan 14, 2023.
             Was a Believer of Vehumet.
             Slain by a catoblepas (12 damage)
             ... while petrified by a catoblepas
             ... on level 11 of the Dungeon.
             The game lasted 00:25:02 (13200 turns).

funkygono the Thaumaturge (DsFE)                   Turns: 13200, Time: 00:25:02

Health: -5/72      AC: 14    Str:  9    XL:     11   Next: 84%
Magic:  21/26      EV:  2    Int: 33    God:    Vehumet [**....]
Gold:   753        SH:  0    Dex: 14    Spells: 12/32 levels left

rFire   . . .      SeeInvis .    y - +3 short sword (venom)
rCold   . . .      Faith    .    (no shield)
rNeg    + + +      Spirit   .    T - +0 acid dragon scales
rPois   ∞          Reflect  .    S - +1 hat {Int+3}
rElec   .          Harm     .    p - +1 cloak
rCorr   +          Rampage  .    G - +0 pair of gloves
Will    .....                    (no boots)
Stlth   ++                       (no amulet)
HPRegen 0.32/turn                m - +6 ring of intelligence
MPRegen 0.20/turn                H - +4 ring of protection

@: petrified, studying Shields
A: demonic guardian 2, big brain 2, demonic magic 1
a: Renounce Religion


You were on level 11 of the Dungeon.
You worshipped Vehumet.
Vehumet was pleased with you.
You visited 2 branches of the dungeon, and saw 12 of its levels.

You collected 753 gold pieces.

Inventory:

Hand Weapons
 b - a +1 scimitar
 e - a +0 rapier of draining
 f - a +1 dagger of draining
 j - a +1 mace of venom
 k - a +2 whip of draining
 s - a +0 dagger of electrocution
 y - a +3 short sword of venom (weapon)
 I - a +2 short sword of electrocution
 V - a +3 falchion of freezing
Armour
 n - +0 steam dragon scales
 p - a +1 cloak (worn)
 v - a +0 helmet
 w - a +0 troll leather armour
 z - a +0 robe of willpower
 G - a +0 pair of gloves (worn)
 K - a +3 leather armour
 M - a +2 robe of willpower
 S - a +1 hat of intelligence (worn)
 T - +0 acid dragon scales (worn)
Jewellery
 m - a +6 ring of intelligence (left hand)
 x - a ring of poison resistance
 H - a +4 ring of protection (right hand)
 O - an amulet of faith
Wands
 E - a wand of iceblast (8)
 Q - a wand of quicksilver (3)
 U - a wand of mindburst (6)
 W - a wand of charming (6)
Scrolls
 a - a scroll of enchant weapon {unknown}
 g - 2 scrolls of brand weapon
 i - 5 scrolls of blinking
 l - 4 scrolls of amnesia
 o - 5 scrolls of teleportation
 A - 2 scrolls of magic mapping
 J - a scroll of fear
Potions
 c - 2 potions of cancellation
 h - 3 potions of might
 q - 4 potions of brilliance
 t - 2 potions of heal wounds
 u - 2 potions of lignification
 B - 6 potions of curing
 C - 2 potions of mutation
 D - a potion of flight
 F - a potion of haste
 L - 2 potions of attraction
 N - 2 potions of resistance


   Skills:
 + Level 1.9 Fighting
 + Level 1.7 Short Blades
 + Level 2.1 Armour
 + Level 3.4 Dodging
 - Level 1.7 Stealth
 + Level 11.2 Spellcasting
 + Level 7.2 Conjurations
 + Level 2.3 Transmutations
 + Level 9.3 Fire Magic
 + Level 7.0 Poison Magic


You had 12 spell levels left.
You knew the following spells:

 Your Spells              Type           Power      Damage    Failure   Level
a - Foxfire               Conj/Fire      100%       2x1d9     1%          1
b - Scorch                Fire           100%       2d10      1%          2
c - Kindle Blastsparks    Fire/Tloc/Air  78%        2d16      3%          3
d - Flame Wave            Conj/Fire      65%        2d15      1%          4
e - Olgreb's Toxic Radia  Pois           60%        N/A       2%          4
f - Ignite Poison         Fire/Tmut/Pois 56%        N/A       1%          3
g - Shock                 Conj/Air       100%       1d9       1%          1
h - Momentum Strike       Conj/Tloc      84%        3d10      1%          2

Your spell library contained the following spells:

 Spells                   Type           Power      Damage    Failure   Level
 Sting                    Tmut/Pois      100%       1d8       1%          1
 Poisonous Vapours        Pois/Air       82%        N/A       1%          2
 Inner Flame              Hex/Fire       49%        N/A       1%          3
 Mephitic Cloud           Conj/Pois/Air  50%        N/A       1%          3
 Cigotuvi's Dreadful Rot  Necr/Pois/Air  68%        N/A       2%          2
 Call Canine Familiar     Summ           18%        N/A       13%         3
 Ozocubu's Armour         Ice            18%        N/A       13%         3
 Portal Projectile        Hex/Tloc       36%        N/A       13%         3
 Leda's Liquefaction      Hex/Erth       9%         N/A       38%         4
 Freezing Cloud           Conj/Ice/Air   17%        6-21      41%         5
 Ozocubu's Refrigeration  Ice            9%         4d9       100%        7


Dungeon Overview and Level Annotations

Branches:
Dungeon (11/15)            Temple (1/1) D:7            Lair (0/5) D:11
    Orc (0/2) D:10

Altars:
Ashenzari
Cheibriados
Dithmenos
Fedhas
Gozag
Hepliaklqana
Kikubaaqudgha
Makhleb
Nemelex Xobeh
Okawaru
Qazlal
Ru
Sif Muna
Trog
Uskayaw
Vehumet
Wu Jian
Xom
Yredelemnul

Annotations:
D:10 3 runed translucent doors, Chingon's ghost, novice MiFi
D:11 Erolcha; Maurice


Innate Abilities, Weirdness & Mutations

A demonic guardian rushes to your aid.
You have an extremely huge brain. (Int +4)
Spells you cast may paralyse adjacent enemies.


Message History

The skeletal warrior hits you from afar with a +0 halberd!!
A wave of flame ripples out!
The flame wave engulfs the catoblepas!
The catoblepas is moderately wounded.
The flame wave engulfs the howler monkey!
The howler monkey is severely wounded.
The flame wave engulfs the skeletal warrior!
The skeletal warrior is moderately damaged.
You finish channelling waves of flame.
You are engulfed in calcifying dust.
The catoblepas gores you!!
A demonic guardian appears!
The skeletal warrior hits you from afar with a +0 halberd!
* * * LOW HITPOINT WARNING * * *
Your limbs are stiffening.
Unknown command.
You feel much better. The catoblepas gores you.
The skeletal warrior hits you from afar with a +0 halberd!
Your ice devil hits the howler monkey!
The howler monkey dies!
Vehumet accepts your kill.
The catoblepas gores you but does no damage.
The skeletal warrior hits you from afar with a +0 halberd!
You have turned to stone.
The catoblepas gores you!
* * * LOW HITPOINT WARNING * * *
Erolcha the Cunning comes into view.
She is wielding a +0 giant spiked club.
The skeletal warrior hits you from afar with a +0 halberd!!
* * * LOW HITPOINT WARNING * * *
Erolcha shouts!
Your ice devil hits the skeletal warrior!
Your ice devil freezes the skeletal warrior.
The skeletal warrior resists.
The catoblepas gores you but does no damage.
Maurice the Thief comes into view.
He is wielding a +0 dagger and carrying a wand of iceblast (4).
The skeletal warrior hits you from afar with a +0 halberd.
* * * LOW HITPOINT WARNING * * *
Your ice devil closely misses the skeletal warrior.
Erolcha gestures wildly while chanting.
Erolcha flickers and vanishes!
Deactivating autopickup; reactivate with Ctrl-A.
The catoblepas gores you!!
You die...

... ###.##.###.###.#.#..#.###
#...###....# #.# #.#.#).#.#.#
......{....# #.# #.#<#.)#.#.#
......@....# #.# #.###..#.#..
####+###...###.###......#.#.#
#8.8.8#...#............#....
#.8.8.#...#.#.#........#<...
+8†8.8+.........>#####.#.###
#.8.8.#...#@#.#.............
#8)8.8#....Y..#......#.#.###
#+#####)###....4z.#......#.#.#
)#.#.#.....#.......#..#.#.#.#.#
.#.#Y#.....#.......#........#.#
.#..#'..#..+.......#..#.#.###.#
..#.##.....#.......#..#.#.#<#.#
#v#z##.z...#.......#..#.#...#.#
#'#####§###.......#..#.#####.#


You could see a catoblepas, a skeletal warrior (ally target), Maurice and a
friendly ice devil (summoned).

Vanquished Creatures
  Gastronok (D:9)
  Urug (D:11)
  4 two-headed ogres
  A skeletal warrior (D:11)
  Pikel (D:8)
  A manticore (D:11)
  An ugly thing (D:11)
  A cyclops (D:11)
  A komodo dragon (D:10)
  A troll (D:5)
  A hornet (D:10)
  A wraith (D:10)
  A shadow (D:11)
  14 yaks
  A steam dragon (D:5)
  2 vampire mosquitoes (D:11)
  A warg (D:10)
  An acid dragon (D:9)
  2 water moccasins
  A black bear (D:7)
  An orc warrior (D:10)
  5 ice beasts
  3 ogres
  3 centaurs
  3 lemures (D:8)
  A phantom (D:4)
  2 necrophages
  3 bullfrogs
  A gnoll sergeant (D:8)
  A scorpion (D:6)
  10 wights
  5 killer bees (D:10)
  2 howler monkeys
  A crimson imp (D:6)
  A jelly (D:7)
  9 orc priests
  A gnoll bouda (D:6)
  Ijyb (D:5)
  2 iguanas
  11 orc wizards
  Robin (D:4)
  8 gnolls
  7 adders
  A white imp (D:5)
  6 ufetubi
  A worm (D:2)
  10 dart slugs
  40 orcs
  6 ball pythons
  9 bats
  5 endoplasms
  10 giant cockroaches
  16 goblins
  7 hobgoblins
  3 jackals (D:2)
  6 quokkas
  4 frilled lizards
  10 kobolds
  6 rats
260 creatures vanquished.

Vanquished Creatures (collateral kills)
  A two-headed ogre (D:11)
  A water moccasin (D:7)
  A howler monkey (D:11)
  An orc priest (D:8)
4 creatures vanquished.

Vanquished Creatures (others)
  839 foxfires
  2 plants (D:10)
841 creatures vanquished.

Grand Total: 1105 creatures vanquished

Notes
Turn   | Place    | Note
-------+----------+-------------------------------------------
     0 | D:1      | funkygono the Demonspawn Fire Elementalist began the quest
                  | for the Orb.
     0 | D:1      | Reached XP level 1. HP: 13/13 MP: 3/3
   138 | D:1      | Gained mutation: Spells you cast may paralyse adjacent
                  | enemies. [demonic ancestry]
   138 | D:1      | Reached XP level 2. HP: 19/19 MP: 3/5
   245 | D:1      | Learned a level 2 spell: Scorch
   377 | D:1      | You fall into a shaft and drop 1 floor!
   458 | D:2      | Found an ornate altar of the Wu Jian Council.
   569 | D:2      | Reached XP level 3. HP: 24/24 MP: 1/6
  1407 | D:1      | Gained mutation: You have an unusually large brain. (Int
                  | +2) [demonic ancestry]
  1407 | D:1      | Reached XP level 4. HP: 30/30 MP: 5/8
  1613 | D:1      | Learned a level 3 spell: Kindle Blastsparks
  2418 | D:3      | Reached XP level 5. HP: 36/36 MP: 6/9
  2604 | D:3      | Found a shimmering altar of Xom.
  2605 | D:3      | Found a shimmering altar of Xom.
  2761 | D:3      | Reached skill level 3 in Spellcasting
  2803 | D:3      | Learned a level 4 spell: Flame Wave
  3289 | D:4      | Noticed a phantom
  3301 | D:4      | Killed a phantom
  3663 | D:4      | Noticed Robin
  3682 | D:4      | Killed Robin
  3683 | D:4      | Reached XP level 6. HP: 42/42 MP: 0/11
  3937 | D:4      | Reached skill level 4 in Spellcasting
  4063 | D:4      | Gained mutation: A weak demonic guardian rushes to your
                  | aid. [demonic ancestry]
  4063 | D:4      | Reached XP level 7. HP: 22/47 MP: 1/13
  5079 | D:5      | Entered Level 5 of the Dungeon
  5245 | D:5      | Reached skill level 1 in Fighting
  5349 | D:5      | Reached skill level 5 in Fire Magic
  5467 | D:5      | Noticed a steam dragon
  5473 | D:5      | Killed a steam dragon
  5474 | D:5      | Reached skill level 1 in Short Blades
  5474 | D:5      | Reached skill level 5 in Spellcasting
  5631 | D:5      | Gained mutation: A demonic guardian rushes to your aid.
                  | [demonic ancestry]
  5631 | D:5      | Reached XP level 8. HP: 53/54 MP: 11/15
  5631 | D:5      | Noticed a troll
  5644 | D:5      | Killed a troll
  5645 | D:5      | Reached skill level 5 in Conjurations
  5918 | D:5      | Noticed Ijyb
  5926 | D:5      | Killed Ijyb
  6178 | D:5      | Reached skill level 6 in Spellcasting
  7298 | D:6      | Gained mutation: You have an extremely huge brain. (Int +4)
                  | [demonic ancestry]
  7298 | D:6      | Reached XP level 9. HP: 59/59 MP: 14/18
  7519 | D:6      | Found a burning altar of Makhleb.
  7566 | D:6      | Learned a level 4 spell: Olgreb's Toxic Radiance
  7570 | D:6      | Learned a level 3 spell: Ignite Poison
  7789 | D:7      | Noticed a two-headed ogre
  7790 | D:7      | Reached skill level 1 in Poison Magic
  7797 | D:7      | Killed a two-headed ogre
  7798 | D:7      | Reached skill level 7 in Spellcasting
  8031 | D:7      | Found a bloodstained altar of Trog.
  8037 | D:7      | Found a shimmering blue altar of Sif Muna.
  8047 | D:7      | Found a basalt altar of Yredelemnul.
  8775 | D:7      | Found a staircase to the Ecumenical Temple.
  8779 | Temple   | Entered the Ecumenical Temple
  8819 | Temple   | Became a worshipper of Vehumet
  9039 | D:8      | Reached skill level 8 in Spellcasting
  9487 | D:8      | Noticed Pikel
  9491 | D:8      | Killed Pikel
  9492 | D:8      | Reached XP level 10. HP: 65/65 MP: 8/22
  9908 | D:9      | Reached * piety under Vehumet
  9908 | D:9      | Offered knowledge of Shock by Vehumet.
  9911 | D:9      | Learned a level 1 spell: Shock
 10248 | D:9      | Noticed Gastronok
 10394 | D:9      | Killed Gastronok
 10395 | D:9      | Reached skill level 9 in Spellcasting
 10395 | D:9      | Reached skill level 1 in Transmutations
 10658 | D:9      | Reached skill level 5 in Poison Magic
 10738 | D:9      | Noticed a two-headed ogre
 10744 | D:9      | Killed a two-headed ogre
 10853 | D:10     | Entered Level 10 of the Dungeon
 11013 | D:10     | Found a staircase to the Orcish Mines.
 11083 | D:10     | Noticed a two-headed ogre
 11092 | D:10     | Killed a two-headed ogre
 11227 | D:10     | Reached XP level 11. HP: 70/70 MP: 15/24
 11490 | D:10     | Reached skill level 10 in Spellcasting
 11520 | D:10     | Reached ** piety under Vehumet
 11524 | D:10     | Offered knowledge of Momentum Strike by Vehumet.
 11525 | D:10     | Reached skill level 1 in Armour
 11792 | D:10     | Found a runed translucent gate.
 11796 | D:10     | Noticed Chingon's ghost (novice MiFi)
 11797 | D:10     | Noticed a nine-headed hydra
 11797 | D:10     | Noticed a nine-headed hydra
 11798 | D:10     | Found a runed translucent gate.
 11798 | D:10     | Found a runed translucent gate.
 12058 | D:10     | Learned a level 2 spell: Momentum Strike
 12356 | D:11     | Noticed a skeletal warrior
 12375 | D:11     | Killed a skeletal warrior
 12563 | D:11     | Found a staircase to the Lair.
 12582 | D:11     | Noticed a two-headed ogre
 12591 | D:11     | Killed a two-headed ogre
 12609 | D:11     | Noticed Urug
 12873 | D:11     | Killed Urug
 13054 | D:11     | Noticed a two-headed ogre
 13058 | D:11     | Reached skill level 11 in Spellcasting
 13058 | D:11     | Killed a two-headed ogre
 13096 | D:11     | Noticed a white ugly thing
 13104 | D:11     | Killed a white ugly thing
 13152 | D:11     | Noticed a skeletal warrior
 13153 | D:11     | Noticed a catoblepas
 13198 | D:11     | Noticed Erolcha
 13199 | D:11     | Noticed Maurice
 13200 | D:11     | Slain by a catoblepas

Illustrated notes

Levels and vault maps discovered:
D:1:      beargit_arrival_greenhouse, layout_rooms, minmay_three_crescents
D:2:      minmay_roachtagon, layout_basic, basic_altar,
          nicolae_figureground_sparkle
D:3:      layout_loops_cross, xom_redecorated, nicolae_elevator_lobby_plus
D:4:      layout_layer_cave, zin_scriptorium, kennysheep_generic_room_10,
          uniq_robin
D:5:      layout_cave_pods, minmay_manual_mandibuliform, uniq_ijyb
D:6:      layout_basic, makhleb_grotto_becter
D:7:      layout_basic, grunt_temple_overflow_cloverleaf, temple_hall_moat
D:8:      layout_basic, uniq_pikel
D:9:      layout_big_octagon, uniq_gastronok
D:10:     layout_loops_ring, david_orc_3, gammafunk_ghost_hydra_chop
D:11:     minmay_the_grid_square_5x5_5x5 [minmay_the_grid_square_5x5_two,
          minmay_the_grid_square_5x5_half_checkered,
          minmay_the_grid_square_5x5_pentomino_r,
          minmay_the_grid_square_5x5_eight_small,
          minmay_the_grid_square_5x5_checkered, minmay_the_grid_square_5x5_z,
          minmay_the_grid_square_5x5_prize_junk,
          minmay_the_grid_square_5x5_three_small,
          minmay_the_grid_square_5x5_prize_deathbox,
          minmay_the_grid_square_5x5_forky, minmay_the_grid_square_5x5_shrine1,
          minmay_the_grid_square_5x5_empty,
          minmay_the_grid_square_5x5_prize_itemx,
          minmay_the_grid_square_5x5_inner_v,
          minmay_the_grid_square_5x5_inner_z,
          minmay_the_grid_square_5x5_one_wall,
          minmay_the_grid_square_5x5_prize_waves,
          minmay_the_grid_square_5x5_corner,
          minmay_the_grid_square_5x5_prize_pseudospiral,
          minmay_the_grid_square_5x5_gyroscope,
          minmay_the_grid_square_5x5_checkered_statues,
          minmay_the_grid_square_5x5_two_walls_a,
          minmay_the_grid_square_5x5_tri_point,
          minmay_the_grid_square_5x5_broken_cross,
          minmay_the_grid_square_5x5_fat_x], layout_basic, uniq_urug, uniq_grum,
          uniq_erolcha, uniq_maurice
Temple:   eino_wide_crystal_templ

Skill      XL: |  1  2  3  4  5  6  7  8  9 10 11 |
---------------+----------------------------------+-----
Fire Magic     | 3 4 5 6 7 8 9 |  9.3
Dodging        | 2 3 |  3.4
Conjurations   | 3 4 5 6 7 |  7.2
Spellcasting   | 3 4 5 6 8 9 11 | 11.2
Fighting       | 1 |  1.9
Short Blades   | 1 |  1.7
Poison Magic   | 3 5 7 |  7.0
Transmutations | 1 2 |  2.3
Armour         | 2 |  2.1
Stealth        | |  1.7

Action                   |  1- 3 |  4- 6 |  7- 9 | 10-12 || total
-------------------------+-------+-------+-------+-------++-------
Melee: Dagger            |     4 |       |       |       ||     4
       Rapier            |    10 |    10 |     2 |       ||    22
       Punch             |       |     1 |     1 |     1 ||     3
       Short sword       |       |       |     9 |    18 ||    27
 Cast: Foxfire           |    74 |   127 |   188 |    79 ||   468
       Scorch            |     1 |     5 |    22 |    30 ||    58
       Olgreb's Toxic Ra |       |       |     9 |    32 ||    41
       Ignite Poison     |       |       |     9 |    31 ||    40
       Flame Wave        |       |       |       |     4 ||     4
  Use: Potion            |       |     1 |       |     2 ||     3
       Scroll            |       |       |    21 |     4 ||    25
 Stab: Paralysed         |       |       |       |     3 ||     3
Armor: Robe              |     7 |     3 |       |       ||    10
       Steam dragon scal |       |       |     2 |     1 ||     3
       Acid dragon scale |       |       |       |    24 ||    24
Dodge: Dodged            |    18 |    11 |    15 |    34 ||    78

Table legend: (Time is in decaauts)
 A = Elapsed time spent in this place.
 B = Non-inter-level travel time spent in this place.
 C = Inter-level travel time spent in this place.
 D = Time resting spent in this place.
 E = Time spent auto-exploring this place.
 F = Levels seen in this place.
 G = Mean time per level.
                   A        B        C        D        E       F      G
               +--------+--------+--------+--------+--------+-----+--------+
         Total |  13240 |  12946 |    294 |   1119 |   9926 |  12 | 1103.3 |
       Dungeon |  13189 |  12905 |    284 |   1119 |   9901 |  11 | 1199.0 |
        Temple |     51 |     42 |      9 |      0 |     25 |   1 |   51.0 |
               +--------+--------+--------+--------+--------+-----+--------+

Top non-repeatable levels by time:
     D:4: 1796 daAuts
     D:5: 1529 daAuts
    D:10: 1313 daAuts
     D:2: 1242 daAuts
     D:7: 1158 daAuts
     D:9: 1149 daAuts
     D:3: 1108 daAuts
     D:6: 1052 daAuts
     D:8: 984 daAuts
     D:1: 934 daAuts
    D:11: 918 daAuts
  Temple: 51 daAuts
